Capitals vs Rangers

Created - Wednesday, December 24, 2014 at 00:19

Goals
1 2 3 T
Capitals 1 3 0 4
Rangers 1 2 3 6
Shots
1 2 3 T
Capitals 16 7 6 29
Rangers 14 14 5 33

1st period

1. Rangers , Kevin Shattenkirk 9 (Logan Couture, Luca Sbisa) at 3:03
2. Capitals , James Wisniewski 19 (Cory Emmerton) at 4:56

Penalties :
James van Riemsdyk (NYR) for Boarding (Minor) at 7:39

2nd period

3. Capitals , Adam Henrique 11 (Tim Jackman, Travis Zajac) at 0:10
4. Capitals , Adam Henrique 12 (Travis Zajac) at 0:16
5. Rangers , Tanner Glass 2 (Jeff Halpern) at 8:51
6. Rangers , Maxim Lapierre 2 (Jeff Halpern, Philip Larsen) at 9:29
7. Capitals , Matt Beleskey 11 (James Wisniewski, Justin Florek) at 16:46 (PP)

Penalties :
Justin Florek (Was) for Interference (Minor) at 5:53, Justin Falk (NYR) for Tripping (Minor) at 14:52

3rd period

8. Rangers , Kevin Shattenkirk 10 (Daniel Sedin, Tom McCollum) at 4:40 (PP)
9. Rangers , Kevin Shattenkirk 11 (James van Riemsdyk, Logan Couture) at 7:21 (SH)
10. Rangers , Daniel Sedin 7 (Daniel Alfredsson, Nate Guenin) at 11:14 (SH)

Penalties :
Tim Jackman (Was) for Hooking (Minor) at 0:35, Peter Regin (Was) for Hooking (Minor) at 3:25, Luca Sbisa (NYR) for Hooking (Minor) at 6:44, Matt Moulson (NYR) for Tripping (Minor) at 10:14

Goalie Stats

Cristopher Nilstorp (Was), 27 saves from 33 shots - (0.818), L, 1-6-1, 60:00 minutes
Tom McCollum (NYR), 15 saves from 18 shots - (0.833), W, 3-3-0, 48:41 minutes
Chad Johnson (NYR), 10 saves from 11 shots - (0.909), 11:19 minutes

Players Stats for Capitals

Player Name              G  A  P  +/- PIM S  H  SB GA TA FO     MP     PP MP  PK MP  
------------------------------------------------------------------------------------
Adam Henrique            2  0  2   2  0   7  3  0  3  0  0/0    18:46   3:59   3:25 
Ben Youds                0  0  0  -1  0   0  0  3  0  0  0/0    12:30   0:00   0:00 
Brandon Burlon           0  0  0  -1  0   0  1  1  0  1  0/0    19:27   3:56   2:54 
Brett Clark              0  0  0  -3  0   1  0  4  1  2  0/0    23:58   3:55   2:19 
Brett Sutter             0  0  0  -1  0   1  0  0  0  0  2/5    10:17   0:00   1:25 
Cory Emmerton            0  1  1  -1  0   4  0  0  3  2  4/9    16:11   4:14   0:00 
Erick Lizon              0  0  0   0  0   0  0  0  0  0  0/0     0:00   0:00   0:00 
James Wisniewski         1  1  2  -2  0   6  2  2  1  5  0/0    25:17   3:55   2:54 
Justin Florek            0  1  1   0  2   1  0  1  0  0  0/0    13:14   0:09   0:00 
Keaton Ellerby           0  0  0   1  0   0  0  0  1  2  0/0    24:46   3:56   2:19 
Luke Adam                0  0  0   1  0   2  3  0  2  0  1/2    12:11   0:00   0:00 
Matt Beleskey            1  0  1  -4  0   2  2  0  0  0  0/0    19:24   3:52   0:23 
Peter Regin              0  0  0  -4  2   0  1  0  0  1  11/15  19:23   3:52   0:23 
RJ Umberger              0  0  0  -2  0   5  2  0  1  1  0/0    14:18   0:00   0:00 
Stefan Matteau           0  0  0  -1  0   0  1  1  0  1  0/0    10:17   0:00   1:25 
Steve Oleksy             0  0  0   2  0   0  1  1  0  0  0/0    14:00   0:00   0:00 
Tim Jackman              0  1  1   2  2   0  3  0  0  1  1/1    16:11   3:59   0:00 
Travis Zajac             0  2  2   2  0   0  0  0  0  1  12/21  24:29   3:28   3:25 

Players Stats for Rangers

Player Name              G  A  P  +/- PIM S  H  SB GA TA FO     MP     PP MP  PK MP  
------------------------------------------------------------------------------------
Brad Richardson          0  0  0  -1  0   3  0  0  0  0  0/1    13:17   0:00   1:35 
Daniel Alfredsson        0  1  1   0  0   2  0  0  1  0  0/1    17:05   2:23   0:53 
Daniel Sedin             1  1  2   1  0   6  1  0  2  0  0/0    16:34   2:50   1:25 
James van Riemsdyk       0  1  1   0  2   0  3  0  2  0  9/24   20:20   2:23   5:01 
Jay McClement            0  0  0   0  0   0  2  0  0  0  3/8    14:13   2:50   0:22 
Jeff Halpern             0  2  2   2  0   1  0  0  1  1  0/0    10:22   0:00   0:00 
Jeff Skinner             0  0  0  -1  0   1  1  0  2  0  4/10   11:42   0:00   0:00 
Justin Falk              0  0  0   2  2   2  2  3  0  0  0/0    15:43   0:00   2:17 
Kevin Bieksa             0  0  0   0  0   0  5  3  0  1  0/0    26:17   2:52   5:34 
Kevin Shattenkirk        3  0  3   0  0   4  0  2  2  0  0/0    26:17   2:52   5:34 
Logan Couture            0  2  2   0  0   1  3  0  2  1  1/1    21:21   2:23   6:26 
Luca Sbisa               0  1  1   0  2   1  4  0  0  1  0/0    15:37   0:00   0:00 
Matt Moulson             0  0  0  -1  2   3  1  0  2  0  0/0    12:34   0:00   0:00 
Maxim Lapierre           1  0  1   2  0   2  0  0  0  0  5/7    10:22   0:00   0:00 
Nate Guenin              0  1  1   1  0   0  0  2  2  0  0/0    20:15   2:21   2:17 
Philip Larsen            0  1  1   1  0   3  0  0  0  0  0/0    15:48   2:21   0:00 
Tanner Glass             1  0  1   2  0   2  1  0  1  1  0/0    10:22   0:00   0:00 
Todd Bertuzzi            0  0  0   0  0   2  1  0  1  1  0/1    13:51   2:50   0:00 

3 Stars

1 - Kevin Shattenkirk (NYR)
2 - Adam Henrique (Was)
3 - Daniel Sedin (NYR)

Power Play

Capitals - 1 on 4 Attempt(s) - 25.00%
Rangers - 1 on 3 Attempt(s) - 33.33%

Penalty Kill

Capitals - 2 on 3 Attempt(s) - 66.67% - Score 0 goal in Penalty Kill
Rangers - 3 on 4 Attempt(s) - 75.00% - Score 2 goal in Penalty Kill

Official

Referees : Unknown
Linesman : Unknown

Game Notes

Chad Johnson is injured at 11:19 of 1st period (Left Leg)
Tom McCollum enters game at 11:19 of 1st period
Kevin Shattenkirk has scored a Hat Trick!

Finance

Level 1 -- Attendance: 6000 (100.00%) -- Ticket Income $510,000
Level 2 -- Attendance: 4556 (91.12%) -- Ticket Income $205,020
Level 3 -- Attendance: 1822 (91.10%) -- Ticket Income $52,838
Level 4 -- Attendance: 3916 (97.90%) -- Ticket Income $58,740
Luxury Box -- Attendance: 1000 (100.00%) -- Ticket Income $179,000
Game was played at the Madison Square Garden
Total Attendance: 17294 (96.08%)
Total Ticket Income: $1,005,598
Other Income: $492,743
Total Income: $1,498,341

Capitals

5 vs 5 Forward 
   Center                   Left Wing                Right Wing               Time % Phy DF OF 
 1 Travis Zajac             Adam Henrique            Tim Jackman              35     1   2  2  
 2 Peter Regin              Matt Beleskey            RJ Umberger              30     1   2  2  
 3 Cory Emmerton            Justin Florek            Luke Adam                22     1   2  2  
 4 Brett Sutter             Stefan Matteau           Travis Zajac             13     1   2  2  

5 vs 5 Defense 
   Defense                  Defense                                           Time % Phy DF OF 
 1 James Wisniewski         Brett Clark                                       35     1   2  2  
 2 Keaton Ellerby           Steve Oleksy                                      30     1   2  2  
 3 Brandon Burlon           Ben Youds                                         22     1   2  2  
 4 James Wisniewski         Keaton Ellerby                                    13     1   2  2  

PowerPlay Forward 
   Center                   Left Wing                Right Wing               Time % Phy DF OF 
 1 Travis Zajac             Adam Henrique            Tim Jackman              60     1   2  2  
 2 Peter Regin              Matt Beleskey            Cory Emmerton            40     1   2  2  

PowerPlay Defense
   Defense                  Defense                                           Time % Phy DF OF 
 1 James Wisniewski         Brett Clark                                       60     1   2  2  
 2 Keaton Ellerby           Brandon Burlon                                    40     1   2  2  

Penalty Kill 4 Players Forward 
   Center                   Wing                     Time % Phy DF OF 
 1 Travis Zajac             Adam Henrique            60     1   2  2  
 2 Matt Beleskey            Peter Regin              40     1   2  2  

Penalty Kill 4 Players Defense
   Defense                  Defense                  Time % Phy DF OF 
 1 James Wisniewski         Brandon Burlon           60     1   2  2  
 2 Keaton Ellerby           Brett Clark              40     1   2  2  

Penalty Kill - 3 Players Forward 
   Forward                                           Time % Phy DF OF 
 1 Travis Zajac                                      60     1   2  2  
 2 Adam Henrique                                     40     1   2  2  

Penalty Kill - 3 Players Defense
   Defense                  Defense                  Time % Phy DF OF 
 1 James Wisniewski         Brett Clark              60     1   2  2  
 2 Keaton Ellerby           Ben Youds                40     1   2  2  

4 vs 4 Forward 
   Center                   Wing                     Time % Phy DF OF 
 1 Travis Zajac             Adam Henrique            60     1   2  2  
 2 Matt Beleskey            Peter Regin              40     1   2  2  

4 vs 4 Defense
   Defense                  Defense                  Time % Phy DF OF 
 1 James Wisniewski         Ben Youds                60     1   2  2  
 2 Keaton Ellerby           Brett Clark              40     1   2  2  

Last Minutes Offensive
   Center                   Left Wing                Right Wing               Defense                  Defense                  
   Travis Zajac             Adam Henrique            Tim Jackman              James Wisniewski         Brett Clark              

Last Minutes Defensive
   Center                   Left Wing                Right Wing               Defense                  Defense                  
   Travis Zajac             Adam Henrique            Tim Jackman              James Wisniewski         Brett Clark              

Goaltenders
Starting : Cristopher Nilstorp      
Backup : John Muse                

Extra Forwards
Normal : Cory Emmerton, Justin Florek, Stefan Matteau - PP : Cory Emmerton, Justin Florek - PK : Stefan Matteau
Extra Defensemen
Normal : Brandon Burlon, Ben Youds, Keaton Ellerby - PP : Brandon Burlon - PK : Ben Youds, Keaton Ellerby
Penalty Shots
Travis Zajac, Adam Henrique, Matt Beleskey, Peter Regin, Tim Jackman

Rangers

5 vs 5 Forward 
   Center                   Left Wing                Right Wing               Time % Phy DF OF 
 1 James van Riemsdyk       Logan Couture            Daniel Alfredsson        35     1   2  2  
 2 Jay McClement            Daniel Sedin             Todd Bertuzzi            30     1   2  2  
 3 Jeff Skinner             Matt Moulson             Brad Richardson          22     1   2  2  
 4 Maxim Lapierre           Tanner Glass             Jeff Halpern             13     1   2  2  

5 vs 5 Defense 
   Defense                  Defense                                           Time % Phy DF OF 
 1 Kevin Bieksa             Kevin Shattenkirk                                 35     1   2  2  
 2 Luca Sbisa               Nate Guenin                                       30     1   2  2  
 3 Philip Larsen            Justin Falk                                       22     1   2  2  
 4 Kevin Bieksa             Kevin Shattenkirk                                 13     1   2  2  

PowerPlay Forward 
   Center                   Left Wing                Right Wing               Time % Phy DF OF 
 1 James van Riemsdyk       Logan Couture            Daniel Alfredsson        60     1   2  2  
 2 Jay McClement            Daniel Sedin             Todd Bertuzzi            40     1   2  2  

PowerPlay Defense
   Defense                  Defense                                           Time % Phy DF OF 
 1 Kevin Bieksa             Kevin Shattenkirk                                 60     1   2  2  
 2 Philip Larsen            Nate Guenin                                       40     1   2  2  

Penalty Kill 4 Players Forward 
   Center                   Wing                     Time % Phy DF OF 
 1 James van Riemsdyk       Logan Couture            60     1   2  2  
 2 Daniel Alfredsson        Daniel Sedin             40     1   2  2  

Penalty Kill 4 Players Defense
   Defense                  Defense                  Time % Phy DF OF 
 1 Kevin Bieksa             Kevin Shattenkirk        60     1   2  2  
 2 Justin Falk              Nate Guenin              40     1   2  2  

Penalty Kill - 3 Players Forward 
   Forward                                           Time % Phy DF OF 
 1 James van Riemsdyk                                60     1   2  2  
 2 Logan Couture                                     40     1   2  2  

Penalty Kill - 3 Players Defense
   Defense                  Defense                  Time % Phy DF OF 
 1 Kevin Bieksa             Kevin Shattenkirk        60     1   2  2  
 2 Justin Falk              Nate Guenin              40     1   2  2  

4 vs 4 Forward 
   Center                   Wing                     Time % Phy DF OF 
 1 James van Riemsdyk       Logan Couture            60     1   2  2  
 2 Daniel Alfredsson        Daniel Sedin             40     1   2  2  

4 vs 4 Defense
   Defense                  Defense                  Time % Phy DF OF 
 1 Kevin Bieksa             Kevin Shattenkirk        60     1   2  2  
 2 Philip Larsen            Nate Guenin              40     1   2  2  

Last Minutes Offensive
   Center                   Left Wing                Right Wing               Defense                  Defense                  
   James van Riemsdyk       Logan Couture            Daniel Alfredsson        Kevin Bieksa             Kevin Shattenkirk        

Last Minutes Defensive
   Center                   Left Wing                Right Wing               Defense                  Defense                  
   James van Riemsdyk       Logan Couture            Daniel Alfredsson        Kevin Bieksa             Kevin Shattenkirk        

Goaltenders
Starting : Chad Johnson             
Backup : Tom McCollum             

Extra Forwards
Normal : Jeff Skinner, Matt Moulson, Brad Richardson - PP : Jeff Skinner, Matt Moulson - PK : Brad Richardson
Extra Defensemen
Normal : Philip Larsen, Justin Falk, Kevin Shattenkirk - PP : Philip Larsen - PK : Justin Falk, Kevin Bieksa
Penalty Shots
James van Riemsdyk, Logan Couture, Daniel Alfredsson, Daniel Sedin, Jay McClement

% Time on Ice - Capitals

Lines # - Real PCT - Wanted PCT - Time Play
Normal Forward
1 - 26% - 35% - 12:21
2 - 32% - 30% - 15:10
3 - 25% - 22% - 11:32
4 - 17% - 13% - 7:53
Normal Defense
1 - 34% - 35% - 15:55
2 - 34% - 30% - 15:57
3 - 27% - 22% - 12:30
4 - 5% - 13% - 2:34
PP Forward
1 - 51% - 60% - 3:59
2 - 49% - 40% - 3:52
PP Defense
1 - 50% - 60% - 3:55
2 - 50% - 40% - 3:56
PK Forward
1 - 93% - 60% - 4:50
2 - 7% - 40% - 0:23
PK Defense
1 - 56% - 60% - 2:54
2 - 44% - 40% - 2:19
PK3 Forward
1 - 0% - 60%
2 - 0% - 40%
PK3 Defense
1 - 0% - 60%
2 - 0% - 40%
44 Forward
1 - 0% - 60%
2 - 0% - 40%
44 Defense
1 - 0% - 60%
2 - 0% - 40%
Last Minute Offensive  - 0:00
Last Minute Defensive  - 0:00
Total
Forward - 60:00
Defense - 60:00

% Time on Ice - Rangers

Lines # - Real PCT - Wanted PCT - Time Play
Normal Forward
1 - 27% - 35% - 12:32
2 - 26% - 30% - 12:20
3 - 25% - 22% - 11:42
4 - 22% - 13% - 10:22
Normal Defense
1 - 32% - 35% - 15:14
2 - 33% - 30% - 15:37
3 - 29% - 22% - 13:27
4 - 6% - 13% - 2:38
PP Forward
1 - 46% - 60% - 2:23
2 - 54% - 40% - 2:50
PP Defense
1 - 55% - 60% - 2:52
2 - 45% - 40% - 2:21
PK Forward
1 - 89% - 60% - 6:58
2 - 11% - 40% - 0:53
PK Defense
1 - 71% - 60% - 5:34
2 - 29% - 40% - 2:17
PK3 Forward
1 - 0% - 60%
2 - 0% - 40%
PK3 Defense
1 - 0% - 60%
2 - 0% - 40%
44 Forward
1 - 0% - 60%
2 - 0% - 40%
44 Defense
1 - 0% - 60%
2 - 0% - 40%
Last Minute Offensive  - 0:00
Last Minute Defensive  - 0:00
Total
Forward - 60:00
Defense - 60:00

Play by Play

1st period


0:01 of 1st period - Travis Zajac wins face-off versus James van Riemsdyk in neutral zone.
0:16 of 1st period - Slapshot by James Wisniewski.
0:16 of 1st period - Deflect By Adam Henrique.
0:16 of 1st period - Stopped by Chad Johnson without a rebound.
0:17 of 1st period - James van Riemsdyk wins face-off versus Travis Zajac in Rangers zone.
0:32 of 1st period - Snap shot by Adam Henrique.
0:32 of 1st period - Stopped by Chad Johnson with a rebound.
0:34 of 1st period - Wrist shot by Brett Clark.
0:34 of 1st period - Deflect By Adam Henrique.
0:34 of 1st period - Shot Misses the Net.
0:34 of 1st period - Puck is out of play.
0:35 of 1st period - Jay McClement wins face-off versus Peter Regin in Rangers zone.
1:11 of 1st period - Icing by Keaton Ellerby.
1:12 of 1st period - Peter Regin wins face-off versus Jeff Skinner in Capitals zone.
1:32 of 1st period - Wrist shot by Matt Moulson.
1:32 of 1st period - Stopped by Cristopher Nilstorp with a rebound.
1:45 of 1st period - Kevin Shattenkirk is hit by Luke Adam and loses puck.
2:07 of 1st period - Slapshot by Maxim Lapierre.
2:07 of 1st period - Shot Hit the Post.
2:09 of 1st period - Snap shot by Kevin Bieksa.
2:09 of 1st period - Deflect By Tanner Glass.
2:09 of 1st period - Stopped by Cristopher Nilstorp with a rebound.
2:11 of 1st period - Snap shot by Tanner Glass.
2:11 of 1st period - Deflect By Cory Emmerton.
2:11 of 1st period - Shot Misses the Net.
2:11 of 1st period - Puck is out of play.
2:12 of 1st period - Brett Sutter wins face-off versus Maxim Lapierre in Capitals zone.
2:33 of 1st period - Stefan Matteau is hit by Luca Sbisa and loses puck.
2:42 of 1st period - Brett Clark is hit by Luca Sbisa and loses puck.
3:01 of 1st period - Slapshot by Logan Couture.
3:01 of 1st period - Stopped by Cristopher Nilstorp with a rebound.
3:03 of 1st period - Slapshot by Kevin Shattenkirk.
3:03 of 1st period - Goal by Kevin Shattenkirk - Capitals : 0 - Rangers : 1.
3:04 of 1st period - Peter Regin wins face-off versus James van Riemsdyk in neutral zone.
4:34 of 1st period - Slapshot by Adam Henrique.
4:34 of 1st period - Stopped by Chad Johnson with a rebound.
4:48 of 1st period - Wrist shot by Cory Emmerton.
4:48 of 1st period - Stopped by Chad Johnson with a rebound.
4:50 of 1st period - Wrist shot by Justin Florek.
4:50 of 1st period - Stopped by Chad Johnson with a rebound.
4:52 of 1st period - Wrist shot by Cory Emmerton.
4:52 of 1st period - Stopped by Chad Johnson with a rebound.
4:54 of 1st period - Slapshot by Steve Oleksy.
4:54 of 1st period - Deflect By Luke Adam.
4:54 of 1st period - Shot Misses the Net.
4:54 of 1st period - Puck is out of play.
4:55 of 1st period - Cory Emmerton wins face-off versus Jeff Skinner in Rangers zone.
4:56 of 1st period - Slapshot by James Wisniewski.
4:56 of 1st period - Goal by James Wisniewski - Capitals : 1 - Rangers : 1.
4:57 of 1st period - Cory Emmerton wins face-off versus James van Riemsdyk in neutral zone.
5:20 of 1st period - Wrist shot by James van Riemsdyk.
5:20 of 1st period - Shot Blocked by Justin Florek.
6:05 of 1st period - Nate Guenin is hit by Tim Jackman and loses puck.
6:09 of 1st period - Icing by Nate Guenin.
6:10 of 1st period - Peter Regin wins face-off versus Jeff Skinner in Rangers zone.
6:23 of 1st period - Snap shot by RJ Umberger.
6:23 of 1st period - Stopped by Chad Johnson without a rebound.
6:24 of 1st period - Peter Regin wins face-off versus Jay McClement in Rangers zone.
7:13 of 1st period - Kevin Bieksa is hit by Adam Henrique.
7:39 of 1st period - Minor Penalty to James van Riemsdyk for Boarding.
7:40 of 1st period - Peter Regin wins face-off versus Brad Richardson in Rangers zone.
8:54 of 1st period - Brandon Burlon is hit by Jay McClement and loses puck.
9:19 of 1st period - Snap shot by Daniel Sedin.
9:19 of 1st period - Stopped by Cristopher Nilstorp with a rebound.
9:21 of 1st period - Wrist shot by Daniel Alfredsson.
9:21 of 1st period - Deflect By Daniel Sedin.
9:21 of 1st period - Stopped by Cristopher Nilstorp without a rebound.
9:22 of 1st period - Travis Zajac wins face-off versus Daniel Alfredsson in Capitals zone.
9:31 of 1st period - Daniel Sedin is hit by James Wisniewski and loses puck.
9:39 of 1st period - Penalty to James van Riemsdyk is over, James van Riemsdyk is back on ice.
10:10 of 1st period - Tanner Glass is hit by Luke Adam and loses puck.
10:43 of 1st period - Maxim Lapierre is hit by Steve Oleksy and loses puck.
10:52 of 1st period - Snap shot by Brett Sutter.
10:52 of 1st period - Stopped by Chad Johnson without a rebound.
10:53 of 1st period - Jeff Skinner wins face-off versus Brett Sutter in Rangers zone.
10:55 of 1st period - Icing by Matt Moulson.
10:56 of 1st period - Jeff Skinner wins face-off versus Peter Regin in Rangers zone.
11:09 of 1st period - Snap shot by RJ Umberger.
11:09 of 1st period - Stopped by Chad Johnson with a rebound.
11:11 of 1st period - Wrist shot by RJ Umberger.
11:11 of 1st period - Shot Misses the Net.
11:13 of 1st period - Slapshot by Brandon Burlon.
11:13 of 1st period - Deflect By Matt Beleskey.
11:13 of 1st period - Shot Misses the Net.
11:13 of 1st period - Puck is out of play.
11:14 of 1st period - Peter Regin wins face-off versus Jay McClement in Rangers zone.
11:19 of 1st period - Snap shot by RJ Umberger.
11:19 of 1st period - Stopped by Chad Johnson with a rebound.
11:19 of 1st period - Chad Johnson from Rangers is injured at 11:19 of 1st period (Left Leg).
11:19 of 1st period - Tom McCollum enters game.
11:20 of 1st period - Travis Zajac wins face-off versus James van Riemsdyk in Rangers zone.
11:23 of 1st period - Snap shot by Adam Henrique.
11:23 of 1st period - Stopped by Tom McCollum with a rebound.
11:25 of 1st period - Snap shot by Adam Henrique.
11:25 of 1st period - Shot Misses the Net.
11:27 of 1st period - Slapshot by Keaton Ellerby.
11:27 of 1st period - Deflect By Adam Henrique.
11:27 of 1st period - Shot Blocked by Kevin Bieksa.
11:27 of 1st period - Puck is out of play.
11:28 of 1st period - James van Riemsdyk wins face-off versus Travis Zajac in Rangers zone.
11:49 of 1st period - Wrist shot by Adam Henrique.
11:49 of 1st period - Stopped by Tom McCollum with a rebound.
12:19 of 1st period - Kevin Shattenkirk is hit by RJ Umberger and loses puck.
12:48 of 1st period - Jay McClement is hit by RJ Umberger and loses puck.
13:11 of 1st period - Wrist shot by Cory Emmerton.
13:11 of 1st period - Stopped by Tom McCollum with a rebound.
13:13 of 1st period - Slapshot by Brandon Burlon.
13:13 of 1st period - Shot Blocked by Nate Guenin.
13:15 of 1st period - Slapshot by Brandon Burlon.
13:15 of 1st period - Shot Blocked by Nate Guenin.
13:48 of 1st period - Wrist shot by Jeff Skinner.
13:48 of 1st period - Shot Blocked by Ben Youds.
13:50 of 1st period - Slapshot by Justin Falk.
13:50 of 1st period - Stopped by Cristopher Nilstorp without a rebound.
13:51 of 1st period - Brett Sutter wins face-off versus Jeff Skinner in Capitals zone.
14:10 of 1st period - Wrist shot by Jeff Skinner.
14:10 of 1st period - Shot Misses the Net.
14:12 of 1st period - Snap shot by Brad Richardson.
14:12 of 1st period - Stopped by Cristopher Nilstorp with a rebound.
14:14 of 1st period - Snap shot by Philip Larsen.
14:14 of 1st period - Stopped by Cristopher Nilstorp with a rebound.
14:16 of 1st period - Snap shot by Brad Richardson.
14:16 of 1st period - Shot Blocked by Brett Clark.
14:18 of 1st period - Slapshot by Justin Falk.
14:18 of 1st period - Shot Blocked by James Wisniewski.
14:46 of 1st period - Snap shot by RJ Umberger.
14:46 of 1st period - Stopped by Tom McCollum with a rebound.
14:48 of 1st period - Snap shot by Steve Oleksy.
14:48 of 1st period - Shot Blocked by Justin Falk.
14:50 of 1st period - Snap shot by Peter Regin.
14:50 of 1st period - Shot Blocked by Justin Falk.
14:52 of 1st period - Wrist shot by Peter Regin.
14:52 of 1st period - Deflect By Matt Beleskey.
14:52 of 1st period - Shot Blocked by Justin Falk.
14:52 of 1st period - Puck is out of play.
14:53 of 1st period - Maxim Lapierre wins face-off versus Cory Emmerton in Rangers zone.
15:14 of 1st period - Steve Oleksy is hit by Tanner Glass and loses puck.
15:25 of 1st period - Jeff Halpern is hit by Luke Adam and loses puck.
16:06 of 1st period - Ben Youds is hit by James van Riemsdyk and loses puck.
16:27 of 1st period - Wrist shot by Jeff Skinner.
16:27 of 1st period - Shot Blocked by Brandon Burlon.
16:29 of 1st period - Wrist shot by Kevin Shattenkirk.
16:29 of 1st period - Stopped by Cristopher Nilstorp without a rebound.
16:30 of 1st period - Jeff Skinner wins face-off versus Travis Zajac in Capitals zone.
17:31 of 1st period - Brandon Burlon is hit by Kevin Bieksa and loses puck.
17:36 of 1st period - Wrist shot by Daniel Sedin.
17:36 of 1st period - Stopped by Cristopher Nilstorp without a rebound.
17:37 of 1st period - James van Riemsdyk wins face-off versus Brett Sutter in Capitals zone.
18:02 of 1st period - Slapshot by Daniel Alfredsson.
18:02 of 1st period - Shot Misses the Net.
18:04 of 1st period - Slapshot by Justin Falk.
18:04 of 1st period - Stopped by Cristopher Nilstorp with a rebound.
18:06 of 1st period - Snap shot by James van Riemsdyk.
18:06 of 1st period - Shot Blocked by Ben Youds.
18:08 of 1st period - Slapshot by Philip Larsen.
18:08 of 1st period - Stopped by Cristopher Nilstorp with a rebound.
18:34 of 1st period - Slapshot by James Wisniewski.
18:34 of 1st period - Stopped by Tom McCollum with a rebound.
19:12 of 1st period - Nate Guenin is hit by Peter Regin and loses puck.
19:43 of 1st period - Wrist shot by Todd Bertuzzi.
19:43 of 1st period - Stopped by Cristopher Nilstorp with a rebound.
19:59 of 1st period - Steve Oleksy is hit by Luca Sbisa.
Goals for this period are 1 for Capitals vs 1 for Rangers.
Shots for this period are 16 for Capitals vs 14 for Rangers.

2nd period


0:01 of 2nd period - Travis Zajac wins face-off versus James van Riemsdyk in neutral zone.
0:04 of 2nd period - Snap shot by Adam Henrique.
0:04 of 2nd period - Shot Misses the Net.
0:10 of 2nd period - Wrist shot by Adam Henrique.
0:10 of 2nd period - Goal by Adam Henrique - Capitals : 2 - Rangers : 1.
0:11 of 2nd period - Travis Zajac wins face-off versus James van Riemsdyk in neutral zone.
0:16 of 2nd period - Slapshot by Adam Henrique.
0:16 of 2nd period - Goal by Adam Henrique - Capitals : 3 - Rangers : 1.
0:17 of 2nd period - Travis Zajac wins face-off versus James van Riemsdyk in neutral zone.
0:34 of 2nd period - Slapshot by Adam Henrique.
0:34 of 2nd period - Shot Blocked by Kevin Bieksa.
0:54 of 2nd period - Snap shot by Travis Zajac.
0:54 of 2nd period - Shot Misses the Net.
1:30 of 2nd period - Wrist shot by Daniel Sedin.
1:30 of 2nd period - Stopped by Cristopher Nilstorp without a rebound.
1:31 of 2nd period - Luke Adam wins face-off versus Jeff Skinner in Capitals zone.
2:25 of 2nd period - Slapshot by Jeff Halpern.
2:25 of 2nd period - Shot Misses the Net.
2:39 of 2nd period - Luca Sbisa is hit by Tim Jackman and loses puck.
2:56 of 2nd period - Snap shot by Tim Jackman.
2:56 of 2nd period - Shot Hit the Post.
3:20 of 2nd period - Slapshot by Logan Couture.
3:20 of 2nd period - Deflect By Daniel Alfredsson.
3:20 of 2nd period - Stopped by Cristopher Nilstorp with a rebound.
3:38 of 2nd period - Snap shot by Logan Couture.
3:38 of 2nd period - Shot Blocked by Ben Youds.
3:44 of 2nd period - Snap shot by Daniel Alfredsson.
3:44 of 2nd period - Stopped by Cristopher Nilstorp with a rebound.
4:00 of 2nd period - Daniel Sedin is hit by Matt Beleskey and loses puck.
4:09 of 2nd period - Matt Beleskey is hit by Todd Bertuzzi and loses puck.
4:45 of 2nd period - Off-side.
4:46 of 2nd period - Tim Jackman wins face-off versus Jeff Skinner in neutral zone.
5:05 of 2nd period - Wrist shot by James Wisniewski.
5:05 of 2nd period - Shot Misses the Net.
5:22 of 2nd period - Slapshot by James Wisniewski.
5:22 of 2nd period - Stopped by Tom McCollum without a rebound.
5:23 of 2nd period - Cory Emmerton wins face-off versus James van Riemsdyk in Rangers zone.
5:53 of 2nd period - Minor Penalty to Justin Florek for Interference.
5:54 of 2nd period - Travis Zajac wins face-off versus Jay McClement in Capitals zone.
5:54 of 2nd period - Travis Zajac is hit by Jay McClement.
6:25 of 2nd period - Wrist shot by Daniel Sedin.
6:25 of 2nd period - Stopped by Cristopher Nilstorp with a rebound.
6:29 of 2nd period - Slapshot by Jay McClement.
6:29 of 2nd period - Shot Misses the Net.
6:31 of 2nd period - Backhand shot by Kevin Bieksa.
6:31 of 2nd period - Shot Blocked by James Wisniewski.
6:55 of 2nd period - Adam Henrique is hit by James van Riemsdyk and loses puck.
7:50 of 2nd period - Keaton Ellerby is hit by Logan Couture and loses puck.
7:53 of 2nd period - Penalty to Justin Florek is over, Justin Florek is back on ice.
7:57 of 2nd period - Snap shot by Logan Couture.
7:57 of 2nd period - Shot Misses the Net.
8:29 of 2nd period - Wrist shot by Matt Moulson.
8:29 of 2nd period - Shot Misses the Net.
8:31 of 2nd period - Slapshot by Luca Sbisa.
8:31 of 2nd period - Stopped by Cristopher Nilstorp with a rebound.
8:51 of 2nd period - Snap shot by Tanner Glass.
8:51 of 2nd period - Goal by Tanner Glass - Capitals : 3 - Rangers : 2.
8:52 of 2nd period - Peter Regin wins face-off versus Maxim Lapierre in neutral zone.
9:29 of 2nd period - Wrist shot by Maxim Lapierre.
9:29 of 2nd period - Goal by Maxim Lapierre - Capitals : 3 - Rangers : 3.
9:30 of 2nd period - James van Riemsdyk wins face-off versus Cory Emmerton in neutral zone.
10:01 of 2nd period - Wrist shot by Luke Adam.
10:01 of 2nd period - Stopped by Tom McCollum without a rebound.
10:02 of 2nd period - Jay McClement wins face-off versus Travis Zajac in Rangers zone.
10:23 of 2nd period - Snap shot by Todd Bertuzzi.
10:23 of 2nd period - Stopped by Cristopher Nilstorp with a rebound.
10:31 of 2nd period - Slapshot by James Wisniewski.
10:31 of 2nd period - Stopped by Tom McCollum with a rebound.
10:41 of 2nd period - Nate Guenin is hit by Adam Henrique and loses puck.
11:20 of 2nd period - Snap shot by RJ Umberger.
11:20 of 2nd period - Shot Misses the Net.
11:26 of 2nd period - Snap shot by Kevin Shattenkirk.
11:26 of 2nd period - Shot Blocked by Steve Oleksy.
13:41 of 2nd period - Snap shot by Matt Moulson.
13:41 of 2nd period - Shot Misses the Net.
13:43 of 2nd period - Slapshot by Kevin Bieksa.
13:43 of 2nd period - Shot Blocked by Stefan Matteau.
13:45 of 2nd period - Snap shot by Brad Richardson.
13:45 of 2nd period - Stopped by Cristopher Nilstorp with a rebound.
13:47 of 2nd period - Backhand shot by Brad Richardson.
13:47 of 2nd period - Stopped by Cristopher Nilstorp with a rebound.
13:51 of 2nd period - Snap shot by Brad Richardson.
13:51 of 2nd period - Deflect By Matt Moulson.
13:51 of 2nd period - Stopped by Cristopher Nilstorp with a rebound.
13:53 of 2nd period - Snap shot by Jeff Skinner.
13:53 of 2nd period - Shot Blocked by Brett Clark.
14:52 of 2nd period - Minor Penalty to Justin Falk for Tripping.
14:53 of 2nd period - Peter Regin wins face-off versus James van Riemsdyk in Rangers zone.
15:17 of 2nd period - Slapshot by Keaton Ellerby.
15:17 of 2nd period - Deflect By Matt Beleskey.
15:17 of 2nd period - Shot Blocked by Kevin Bieksa.
15:17 of 2nd period - Puck is out of play.
15:18 of 2nd period - Cory Emmerton wins face-off versus James van Riemsdyk in Rangers zone.
16:01 of 2nd period - Matt Beleskey is hit by Logan Couture and loses puck.
16:08 of 2nd period - James Wisniewski is hit by Logan Couture and loses puck.
16:21 of 2nd period - Tim Jackman is hit by Kevin Bieksa and loses puck.
16:46 of 2nd period - Snap shot by Matt Beleskey.
16:46 of 2nd period - Goal by Matt Beleskey - Capitals : 4 - Rangers : 3.
16:47 of 2nd period - Peter Regin wins face-off versus Todd Bertuzzi in neutral zone.
16:52 of 2nd period - Snap shot by RJ Umberger.
16:52 of 2nd period - Stopped by Tom McCollum without a rebound.
16:53 of 2nd period - Peter Regin wins face-off versus Jay McClement in Rangers zone.
17:47 of 2nd period - Brandon Burlon is hit by Luca Sbisa and loses puck.
18:08 of 2nd period - Wrist shot by Matt Moulson.
18:08 of 2nd period - Stopped by Cristopher Nilstorp with a rebound.
18:13 of 2nd period - Off-side.
18:14 of 2nd period - Maxim Lapierre wins face-off versus Cory Emmerton in neutral zone.
18:23 of 2nd period - Slapshot by Kevin Shattenkirk.
18:23 of 2nd period - Deflect By Maxim Lapierre.
18:23 of 2nd period - Stopped by Cristopher Nilstorp with a rebound.
18:25 of 2nd period - Slapshot by Kevin Shattenkirk.
18:25 of 2nd period - Shot Misses the Net.
18:27 of 2nd period - Slapshot by Kevin Shattenkirk.
18:27 of 2nd period - Shot Blocked by Brett Clark.
18:49 of 2nd period - Snap shot by Jeff Halpern.
18:49 of 2nd period - Stopped by Cristopher Nilstorp without a rebound.
18:50 of 2nd period - James van Riemsdyk wins face-off versus Travis Zajac in Capitals zone.
Goals for this period are 3 for Capitals vs 2 for Rangers.
Shots for this period are 7 for Capitals vs 14 for Rangers.

3rd period


0:01 of 3rd period - Travis Zajac wins face-off versus James van Riemsdyk in neutral zone.
0:13 of 3rd period - Logan Couture is hit by James Wisniewski and loses puck.
0:35 of 3rd period - Minor Penalty to Tim Jackman for Hooking.
0:36 of 3rd period - Travis Zajac wins face-off versus Jay McClement in Capitals zone.
0:47 of 3rd period - James Wisniewski is hit by Daniel Sedin and loses puck.
1:26 of 3rd period - Nate Guenin is hit by Brandon Burlon and loses puck.
1:31 of 3rd period - Backhand shot by Travis Zajac.
1:31 of 3rd period - Shot Misses the Net.
2:35 of 3rd period - Penalty to Tim Jackman is over, Tim Jackman is back on ice.
3:25 of 3rd period - Minor Penalty to Peter Regin for Hooking.
3:26 of 3rd period - Jay McClement wins face-off versus Travis Zajac in Capitals zone.
3:43 of 3rd period - Jay McClement is hit by Adam Henrique and loses puck.
4:20 of 3rd period - Logan Couture is hit by Stefan Matteau and loses puck.
4:40 of 3rd period - Slapshot by Kevin Shattenkirk.
4:40 of 3rd period - Goal by Kevin Shattenkirk - Capitals : 4 - Rangers : 4.
4:41 of 3rd period - Jeff Skinner wins face-off versus Cory Emmerton in neutral zone.
5:28 of 3rd period - Slapshot by Philip Larsen.
5:28 of 3rd period - Deflect By Steve Oleksy.
5:28 of 3rd period - Stopped by Cristopher Nilstorp without a rebound.
5:29 of 3rd period - Maxim Lapierre wins face-off versus Peter Regin in Capitals zone.
5:54 of 3rd period - James Wisniewski is hit by Kevin Bieksa and loses puck.
6:44 of 3rd period - Minor Penalty to Luca Sbisa for Hooking.
6:45 of 3rd period - Travis Zajac wins face-off versus James van Riemsdyk in Rangers zone.
7:00 of 3rd period - Travis Zajac is hit by James van Riemsdyk and loses puck.
7:19 of 3rd period - Snap shot by James van Riemsdyk.
7:19 of 3rd period - Shot Misses the Net.
7:21 of 3rd period - Slapshot by Kevin Shattenkirk.
7:21 of 3rd period - Goal by Kevin Shattenkirk - Capitals : 4 - Rangers : 5.
7:22 of 3rd period - James van Riemsdyk wins face-off versus Cory Emmerton in neutral zone.
7:57 of 3rd period - Slapshot by Matt Beleskey.
7:57 of 3rd period - Shot Blocked by Kevin Shattenkirk.
7:59 of 3rd period - Snap shot by Matt Beleskey.
7:59 of 3rd period - Stopped by Tom McCollum without a rebound.
8:00 of 3rd period - James van Riemsdyk wins face-off versus Travis Zajac in Rangers zone.
8:15 of 3rd period - Slapshot by James Wisniewski.
8:15 of 3rd period - Stopped by Tom McCollum without a rebound.
8:16 of 3rd period - James van Riemsdyk wins face-off versus Travis Zajac in Rangers zone.
8:21 of 3rd period - Snap shot by Logan Couture.
8:21 of 3rd period - Shot Blocked by Brett Clark.
8:34 of 3rd period - Icing by Travis Zajac.
8:35 of 3rd period - Travis Zajac wins face-off versus James van Riemsdyk in Capitals zone.
8:44 of 3rd period - Penalty to Luca Sbisa is over, Luca Sbisa is back on ice.
9:07 of 3rd period - Slapshot by RJ Umberger.
9:07 of 3rd period - Shot Misses the Net.
9:09 of 3rd period - Slapshot by James Wisniewski.
9:09 of 3rd period - Shot Misses the Net.
9:21 of 3rd period - Jay McClement is hit by Matt Beleskey and loses puck.
9:55 of 3rd period - Snap shot by Jeff Skinner.
9:55 of 3rd period - Shot Misses the Net.
10:14 of 3rd period - Minor Penalty to Matt Moulson for Tripping.
10:15 of 3rd period - Logan Couture wins face-off versus Travis Zajac in Rangers zone.
10:28 of 3rd period - James van Riemsdyk is hit by Tim Jackman and loses puck.
10:47 of 3rd period - Travis Zajac is hit by Kevin Bieksa.
10:48 of 3rd period - Icing by Travis Zajac.
10:49 of 3rd period - Travis Zajac wins face-off versus James van Riemsdyk in Capitals zone.
11:14 of 3rd period - Wrist shot by Daniel Sedin.
11:14 of 3rd period - Goal by Daniel Sedin - Capitals : 4 - Rangers : 6.
11:15 of 3rd period - Peter Regin wins face-off versus James van Riemsdyk in neutral zone.
11:20 of 3rd period - Wrist shot by Cory Emmerton.
11:20 of 3rd period - Stopped by Tom McCollum without a rebound.
11:21 of 3rd period - James van Riemsdyk wins face-off versus Peter Regin in Rangers zone.
11:26 of 3rd period - Snap shot by Matt Beleskey.
11:26 of 3rd period - Shot Misses the Net.
12:14 of 3rd period - Penalty to Matt Moulson is over, Matt Moulson is back on ice.
12:19 of 3rd period - Keaton Ellerby is hit by Kevin Bieksa and loses puck.
12:30 of 3rd period - Slapshot by Brandon Burlon.
12:30 of 3rd period - Shot Blocked by Kevin Shattenkirk.
12:32 of 3rd period - Slapshot by Brett Clark.
12:32 of 3rd period - Stopped by Tom McCollum with a rebound.
13:06 of 3rd period - Slapshot by James Wisniewski.
13:06 of 3rd period - Stopped by Tom McCollum without a rebound.
13:07 of 3rd period - Maxim Lapierre wins face-off versus Brett Sutter in Rangers zone.
14:11 of 3rd period - James Wisniewski is hit by Matt Moulson and loses puck.
14:16 of 3rd period - Slapshot by Jeff Skinner.
14:16 of 3rd period - Stopped by Cristopher Nilstorp with a rebound.
15:12 of 3rd period - Snap shot by Logan Couture.
15:12 of 3rd period - Shot Misses the Net.
16:09 of 3rd period - Brandon Burlon is hit by Jeff Skinner and loses puck.
16:28 of 3rd period - Snap shot by Todd Bertuzzi.
16:28 of 3rd period - Shot Misses the Net.
17:49 of 3rd period - Justin Florek is hit by Justin Falk and loses puck.
19:21 of 3rd period - Backhand shot by Luke Adam.
19:21 of 3rd period - Stopped by Tom McCollum without a rebound.
19:22 of 3rd period - Maxim Lapierre wins face-off versus Luke Adam in Rangers zone.
19:59 of 3rd period - RJ Umberger is hit by Justin Falk and loses puck.
Goals for this period are 0 for Capitals vs 3 for Rangers.
Shots for this period are 6 for Capitals vs 5 for Rangers.


Output by the SimonT Hockey Simulator (STHS) for Eric Dolegowski -- Original Page W3C XHTML 1.0 Valid
Hockey Simulator - Hockey Simulation - Hockey Manager